 Dungeon Crawl Stone Soup version 0.30-a0-1018-g25214051b3 (webtiles) character file.

Game seed: 3983279624335252547

79 bande the Covered (level 4, -4/29 HPs)
             Began as a Gargoyle Fighter on Apr 7, 2023.
             Slain by Sigmund
             ... wielding a +0 scythe
              (5 damage)
             ... on level 2 of the Dungeon.
             The game lasted 00:03:07 (995 turns).

bande the Covered (Gargoyle Fighter)                 Turns: 995, Time: 00:03:09

Health: -4/29      AC: 10    Str: 20    XL:     4   Next: 37%
Magic:  4/4        EV:  9    Int:  8    God:
Gold:   38         SH:  5    Dex: 11    Spells: 3/3 levels left

rFire   . . .      SeeInvis .    a - +0 war axe
rCold   + . .      Faith    .    c - +1 buckler
rNeg    + . .      Spirit   .    b - +0 scale mail
rPois   ∞          Reflect  .    (no helmet)
rElec   +          Rampage  .    (no cloak)
rCorr   .                        (no gloves)
Will    .....                    (no boots) Stlth
                                 (no amulet)
HPRegen 0.24/turn                m - ring of protection from cold
MPRegen 0.09/turn                (no ring)

@: no status effects
A: sickness immunity, AC +3, negative energy resistance 1, electricity
resistance, torment resistance 1, petrification resistance
a: no special abilities


You were on level 2 of the Dungeon.
You visited 1 branch of the dungeon, and saw 2 of its levels.

You collected 38 gold pieces.

Inventory:

Hand Weapons
 a - a +0 war axe (weapon)
Armour
 b - a +0 scale mail (worn)
 c - a +1 buckler (worn)
Jewellery
 m - a ring of protection from cold (left hand)
Potions
 d - 4 potions of might
 e - a potion of berserk rage
 h - a potion of curing {unknown}
 i - a potion of magic {unknown}
 n - a potion of degeneration {unknown}
 o - a potion of brilliance {unknown}


   Skills:
 + Level 3.7 Fighting
 + Level 2.9 Axes
 + Level 4.0 Armour
 + Level 3.8 Shields


You had 3 spell levels left.
You didn't know any spells.
Your spell library contained the following spells:

 Spells                   Type           Power      Damage    Failure   Level
 Beastly Appendage        Tmut           0%         N/A       85%         1
 Summon Small Mammal      Summ           0%         N/A       85%         1
 Wereblood                Tmut           0%         N/A       94%         2
 Call Canine Familiar     Summ           0%         N/A       99%         3
 Spider Form              Tmut/Pois      0%         N/A       99%         3
 Summon Guardian Golem    Hex/Summ       0%         N/A       99%         3


Dungeon Overview and Level Annotations

Branches:
Dungeon (2/15)

Altars:

Annotations:
D:2 Sigmund


Innate Abilities, Weirdness & Mutations

You are immune to sickness and miasma.
Your stone body is resilient. (AC +3)
You are immune to poison.
You resist negative energy. (rN+)
You are resistant to electric shocks. (rElec)
You are resistant to unholy torment.
You are immune to petrification.


Message History

You are too injured to fight recklessly!
You are too injured to fight recklessly!
Something hits you!
* * * LOW HITPOINT WARNING * * *
It was a potion of heal wounds.
You feel much better. You block the bat's attack. x2
A bat comes into view.
You hit the bat but do no damage. You barely miss something.
The bat barely misses you. The bat closely misses you.
You block something's attack. The bat hits you.
You completely miss the bat. You completely miss something.
The bat hits you but does no damage. The bat barely misses you.
Something hits you.
You slash the bat!
You kill the bat!
You barely miss something. You block the bat's attack.
Something hits you but does no damage.
You hit something. The bat hits you but does no damage. Something hits you.
You miss something.
You hear some strange, mumbled words.
A puff of flame appears from out of thin air!
The puff of flame hits you.
You closely miss something.
You hear some strange, mumbled words.
Something tries to affect you, but you resist.
You barely miss something. You closely miss the bat.
The bat closely misses you. Something hits you but does no damage.
You miss something. You closely miss the bat. The bat hits you.
Something hits you! The bat hits you.
You barely miss something. You closely miss the bat.
The bat hits you but does no damage. Something hits you.
* * * LOW HITPOINT WARNING * * *
You miss something. The bat hits you.
* * * LOW HITPOINT WARNING * * *
You hear some strange, mumbled words.
A magic dart appears from out of thin air!
The magic dart hits you.
* * * LOW HITPOINT WARNING * * *
Something hits you.
You die...

,,,,.#..,,**,,,,...,,,,.....*,,,,
***#...,*,****,,.?.#***#.#..,,,,,
##..#*,,.**,,,**#..* #.#.#*,,,,
#..#**,,..,,*** *#.## #.#.#*,,,,
#.#* *,,,..,* #..###.#.#*,,,,
##.# *,*,,#.#######.......#*,,,,
#..# *,#,,*.......#.....†.#***,,
#.### *.#,.###.###.........# **,
....###)#..#.b.{@..........# *,
..#..........#.$####.......# **
........#....##.##.......#># *
..#..##......,.............# ***
#....<.(...................###*,,
########..######.............##..
.#######...###*#####.#...........
.)............,,.......†.........
#####...##.###***######..........


You could see a bat.

Vanquished Creatures
  3 adders (D:2)
  A worm (D:2)
  3 dart slugs
  3 ball pythons
  4 endoplasms
  2 giant cockroaches
  4 goblins
  3 hobgoblins (D:1)
  4 jackals (D:1)
  3 kobolds
  2 quokkas
  2 bats
  3 frilled lizards
  4 rats
41 creatures vanquished.

Notes
Turn   | Place    | Note
-------+----------+-------------------------------------------
     0 | D:1      | bande the Gargoyle Fighter began the quest for the Orb.
     0 | D:1      | Reached XP level 1. HP: 14/14 MP: 1/1
    36 | D:1      | Reached XP level 2. HP: 2/19 MP: 2/2
   507 | D:1      | Reached XP level 3. HP: 23/23 MP: 3/3
   757 | D:2      | Reached XP level 4. HP: 26/29 MP: 4/4
   956 | D:2      | Reached skill level 4 in Armour
   975 | D:2      | Noticed Sigmund
   995 | D:2      | HP: 1/29 [something/magic dart (5)]
   995 | D:2      | Slain by Sigmund

Illustrated notes

Levels and vault maps discovered:
D:1:      spicycebolla_arrival_ecumenical, layout_rooms
D:2:      layout_rooms, uniq_sigmund

Skill      XL: |  1  2  3  4 |
---------------+-------------+-----
Axes           | 2 |  2.9
Armour         | 4 |  4.0
Fighting       | |  3.7
Shields        | |  3.8

Action                     |  1- 3 |  4- 6 || total
---------------------------+-------+-------++-------
  Melee: War axe           |    96 |    53 ||   149
    Use: Scroll            |     6 |     2 ||     8
         Potion            |       |     1 ||     1
 Armour: Scale mail        |    72 |    39 ||   111
  Dodge: Dodged            |    58 |    23 ||    81
  Block: Buckler           |    29 |    19 ||    48

Table legend: (Time is in decaauts)
 A = Elapsed time spent in this place.
 B = Non-inter-level travel time spent in this place.
 C = Inter-level travel time spent in this place.
 D = Time resting spent in this place.
 E = Time spent auto-exploring this place.
 F = Levels seen in this place.
 G = Mean time per level.
                   A        B        C        D        E       F      G
               +--------+--------+--------+--------+--------+-----+--------+
         Total |   1057 |   1023 |     34 |    173 |    528 |   2 |  528.5 |
       Dungeon |   1057 |   1023 |     34 |    173 |    528 |   2 |  528.5 |
               +--------+--------+--------+--------+--------+-----+--------+

Top non-repeatable levels by time:
     D:1: 757 daAuts
     D:2: 299 daAuts
